Map: Lightshade LE

Players

LiquidClem (Clem) - Winner!

  • Race: Terran Terran
  • Spawn Location: 11:00

Armani

  • Race: Zerg Zerg
  • Spawn Location: 5:00

Event: DreamHack SC2 Masters 2020 Winter

VOD

Have the link to the VOD?

Description

Time

  • Played on: Nov. 10, 2020, 12:24 p.m.
  • Length: 13:35

All games in this series

Show
View Real Time Build Order
Export as new Build Order

LiquidClem Terran - Winner!

Build Orders: Reaper Expand, Hellion Banshee 

Get SALT Encoding   

  12  0:00  SCV  
  13  0:12  SCV  
  14  0:17  Supply Depot  
  14  0:24  SCV  
  15  0:38  SCV  
  15  0:40  Barracks  
  16  0:42  Refinery  
  16  0:50  SCV  
  17  1:02  SCV  
  18  1:15  SCV  
  19  1:26  Reaper  
  19  1:27  Orbital Command  
  20  1:39  Command Center  
  20  1:47  Supply Depot  
  20  1:52  SCV  
  21  1:58  Marine  
  22  2:04  SCV  
  23  2:11  Factory  
  23  2:12  Refinery  
  23  2:16  SCV  
  23  2:20  Barracks Reactor  
  24  2:28  SCV  
  25  2:41  SCV  
  26  2:50  Orbital Command  
  26  2:53  SCV  
  26  2:58  Starport  
  27  3:03  Hellion x2  
  27  3:05  SCV  
  32  3:13  Supply Depot  
  32  3:15  Barracks Tech Lab  
  32  3:16  SCV  
  32  3:17  SCV  
  34  3:24  Hellion x2  
  38  3:28  SCV  
  38  3:29  SCV  
  40  3:37  Supply Depot  
  40  3:39  Cloaking Field, Banshee  
  40  3:40  SCV  
  44  3:41  SCV  
  44  3:47  Hellion x2  
  49  3:53  Barracks Tech Lab  
  49  3:54  SCV  
  51  3:55  SCV  
  51  3:59  Supply Depot  
  51  4:06  SCV  
  51  4:07  SCV  
  53  4:13  Command Center  
  53  4:20  SCV x2  
  53  4:22  Banshee  
  58  4:25  Stimpack  
  58  4:26  Factory Reactor  
  58  4:32  SCV  
  58  4:33  SCV  
  58  4:35  Barracks  
  60  4:40  Barracks  
  60  4:41  Marine  
  60  4:44  Supply Depot, SCV  
  60  4:45  SCV  
  63  4:50  Engineering Bay  
  63  4:52  Engineering Bay  
  63  4:57  SCV x2  
  63  4:58  Marine  
  66  5:03  Refinery  
  66  5:04  Refinery  
  66  5:09  SCV  
  66  5:12  Starport Reactor  
  67  5:16  Siege Tank, Marine  
  67  5:17  Supply Depot  
  67  5:19  Terran Infantry Weapons Level 1  
  71  5:22  Marine x2  
  71  5:24  SCV x2  
  71  5:28  Orbital Command  
  75  5:34  Marine  
  75  5:35  Terran Infantry Armor Level 1  
  76  5:36  Marine x2  
  76  5:38  SCV  
  76  5:39  SCV  
  76  5:40  Marine  
  81  5:52  Barracks x2  
  81  5:55  Medivac  
  81  5:56  Medivac  
  85  5:57  Marine x2  
  85  6:00  SCV  
  88  6:04  Combat Shield  
  88  6:08  Supply Depot  
  88  6:09  Supply Depot  
  88  6:11  Marine  
  88  6:12  Siege Tank  
  88  6:15  Orbital Command  
  88  6:16  Marine  
  88  6:17  Marine x2  
  95  6:19  SCV  
  95  6:20  SCV  
  97  6:26  Supply Depot  
  97  6:28  Armory  
  97  6:32  SCV  
  98  6:35  Medivac  
  98  6:36  Marine  
  98  6:37  Marine x2  
  103  6:42  SCV x2, Supply Depot  
  103  6:46  Barracks Reactor x2  
  105  6:47  Marine  
  105  6:50  Siege Tank  
  109  6:56  SCV x3  
  109  6:58  Marine x3  
  109  6:59  Marine  
  116  7:03  Missile Turret x2  
  116  7:05  Missile Turret  
  116  7:10  Marine  
  116  7:12  SCV  
  118  7:15  Factory  
  118  7:16  Marine x2  
  118  7:17  Refinery  
  118  7:19  SCV x2  
  118  7:21  Marine x2  
  123  7:25  SCV  
  123  7:27  Marine x2  
  125  7:30  Marine x2  
  125  7:31  Siege Tank, SCV  
  125  7:34  SCV  
  125  7:36  Supply Depot  
  125  7:37  SCV  
  131  7:43  SCV  
  131  7:46  Marine x2  
  131  7:47  SCV  
  131  7:49  Marine x2  
  131  7:50  Marine  
  129  7:52  Terran Infantry Weapons Level 2, Terran Infantry Armor Level 2  
  129  7:53  Supply Depot, Marine  
  129  7:54  Marine x2  
  129  7:58  SCV  
  129  8:01  SCV  
  129  8:03  Supply Depot  
  129  8:04  Marine x2  
  132  8:08  Siege Tank  
  132  8:12  Marine  
  135  8:16  Supply Depot  
  135  8:17  Terran Vehicle And Ship Armor Level 1, Marine x2  
  135  8:18  Marine x3  
  141  8:20  Marine  
  141  8:21  Factory Reactor  
  142  8:27  Marine  
  142  8:28  Marine, Supply Depot  
  144  8:34  Command Center  
  144  8:38  Marine x5  
  144  8:39  Marine  
  144  8:40  Marine  
  151  8:47  Supply Depot  
  151  8:48  Thor  
  151  8:50  Medivac  
  159  8:56  Medivac  
  159  8:57  Marine  
  159  8:59  Widow Mine x2  
  159  9:01  Supply Depot  
  166  9:07  Supply Depot, Marine x5  
  166  9:09  Missile Turret  
  171  9:11  Marine x2  
  171  9:16  Supply Depot  
  174  9:22  Marine  
  174  9:25  Marine  
  174  9:28  Marine x2  
  174  9:29  Barracks Reactor  
  177  9:32  Marine x2, Factory Tech Lab  
  177  9:40  Widow Mine, Medivac x2, Marine  
  177  9:41  Widow Mine  
  177  9:42  Marine  
  177  9:44  Barracks  
  186  9:46  Marine x2, Barracks  
  186  9:47  Barracks  
  186  9:49  Missile Turret  
  186  9:51  Marine x2  
  190  9:53  Marine  
  190  9:55  Missile Turret  
  190  9:58  Widow Mine, Marine  
  188  10:00  Marine  
  157  10:09  Medivac  
  157  10:10  Marine  
  157  10:11  Marine x4  
  157  10:12  Marine x2  
  157  10:13  Widow Mine x2, Medivac  
  159  10:16  Marine  
  159  10:18  Marine  
  161  10:22  SCV x2  
  161  10:23  SCV  
  164  10:28  Thor, Marine  
  164  10:29  Marine  
  168  10:36  Marine  
  168  10:39  Marine, SCV, Medivac  
  169  10:46  Widow Mine, Missile Turret  
  169  10:47  Widow Mine, Marine x3  
  169  10:48  Barracks Tech Lab x2, Marauder  
  169  10:49  Barracks Tech Lab  
  176  10:50  Marine x3  
  176  10:54  Missile Turret  
  176  10:55  Planetary Fortress  
  179  10:57  SCV  
  179  10:58  SCV  
  181  11:07  Marine x2, Marauder x2  
  181  11:09  Marauder  
  181  11:11  Widow Mine, SCV  
  191  11:15  Marine x4  
  183  11:25  SCV  
  183  11:26  SCV x2  
  183  11:27  Widow Mine  
  183  11:28  Marauder  
  183  11:29  Marine  
  187  11:35  Widow Mine x2, Marine x2, Marauder  
  187  11:37  SCV  
  187  11:38  SCV x2  
  194  11:42  Marauder  
  194  11:44  Marine  
  194  11:45  Marauder  
  187  11:47  SCV  
  187  11:48  Widow Mine  
  187  11:49  SCV  
  187  11:50  SCV  
  191  11:56  Widow Mine x2, Marine  
  182  12:02  Marauder  
  182  12:04  Marine  
  182  12:05  SCV x2, Marine  
  182  12:07  SCV x2  
  171  12:10  Widow Mine, Medivac x2  
  171  12:12  Marine x2  
  171  12:15  Marine  
  171  12:23  Command Center  
  171  12:24  SCV x2  
  171  12:26  Widow Mine  
  174  12:32  Missile Turret  
  174  12:33  Marine x2  
  174  12:36  SCV x2  
  177  12:39  Marine, Command Center, Marauder  
  177  12:44  Widow Mine x2  
  182  12:47  Marauder  
  182  12:54  Widow Mine, Marauder x2  
  182  12:57  Marine x2  
  189  12:59  Marine x3  
  189  13:04  Medivac  
  193  13:10  Marine  
Show
View Real Time Build Order
Export as new Build Order

Armani Zerg 

Build Orders: Hatch First, Muta Ling Bane 

Get SALT Encoding   

  12  0:00  Drone  
  13  0:12  Overlord  
  13  0:17  Drone  
  14  0:31  Drone x2  
  16  0:48  Hatchery  
  15  0:52  Drone  
  15  0:54  Drone  
  17  0:58  Drone  
  18  1:07  Extractor  
  17  1:13  Spawning Pool  
  17  1:16  Drone  
  17  1:20  Drone  
  18  1:29  Drone  
  20  1:40  Drone  
  20  1:50  Drone  
  21  2:00  Queen x2  
  21  2:01  Zergling x4  
  27  2:16  Hatchery  
  27  2:19  Drone  
  27  2:23  Overlord  
  27  2:27  Drone  
  27  2:38  Pneumatized Carapace  
  27  2:41  Queen  
  29  2:44  Zergling x2  
  29  2:46  Drone  
  29  2:50  Drone  
  32  2:53  Drone x2  
  34  2:58  Overlord  
  34  3:01  Drone  
  34  3:05  Metabolic Boost  
  35  3:08  Drone  
  36  3:18  Drone x4  
  40  3:28  Extractor  
  40  3:29  Drone, Roach Warren  
  40  3:31  Drone  
  40  3:32  Drone  
  41  3:37  Drone  
  41  3:38  Overlord  
  43  3:41  Queen  
  43  3:43  Drone  
  43  3:44  Drone  
  43  3:45  Drone  
  43  3:48  Drone  
  49  3:50  Drone  
  50  3:56  Overlord  
  50  3:58  Spore Crawler  
  50  3:59  Extractor  
  48  4:06  Lair  
  48  4:07  Overlord  
  48  4:08  Drone  
  48  4:09  Drone  
  52  4:12  Queen  
  52  4:14  Drone  
  52  4:15  Drone  
  56  4:23  Extractor, Queen  
  57  4:24  Extractor  
  57  4:26  Drone x4  
  57  4:30  Zergling x4  
  57  4:31  Zergling x2  
  63  4:36  Spore Crawler  
  62  4:38  Spore Crawler  
  62  4:41  Drone, Spore Crawler  
  62  4:42  Drone  
  62  4:43  Drone  
  62  4:44  Drone  
  64  4:49  Drone, Spore Crawler  
  64  4:54  Drone x3  
  64  4:56  Drone  
  64  4:59  Drone  
  69  5:01  Drone  
  69  5:03  Drone x2  
  71  5:09  Overseer  
  70  5:14  Spire  
  70  5:17  Drone x3  
  70  5:18  Drone  
  70  5:19  Drone  
  74  5:21  Drone  
  74  5:24  Overlord  
  74  5:27  Overlord  
  74  5:30  Overlord  
  74  5:35  Overlord  
  74  5:41  Evolution Chamber  
  72  5:43  Drone  
  72  5:47  Drone x2  
  76  5:52  Drone x9  
  85  5:58  Zergling x6  
  85  6:00  Drone  
  85  6:01  Drone  
  85  6:03  Drone  
  90  6:04  Baneling Nest  
  90  6:07  Drone  
  90  6:10  Drone x3  
  93  6:14  Extractor  
  93  6:15  Extractor, Zergling x4  
  93  6:31  Mutalisk x6  
  105  6:36  Hatchery, Overlord x2  
  105  6:37  Zerg Flyer Weapons Level 1  
  104  6:42  Evolution Chamber  
  104  6:43  Evolution Chamber  
  102  6:48  Centrifical Hooks  
  102  6:49  Mutalisk x2  
  102  6:52  Overlord  
  105  6:55  Zergling x10  
  105  6:57  Baneling x4  
  105  7:01  Baneling x2  
  110  7:02  Zergling x6  
  110  7:08  Zergling x4  
  115  7:11  Queen x2  
  115  7:14  Baneling x8  
  119  7:16  Zergling x4  
  120  7:30  Zerg Melee Weapons Level 1, Zerg Ground Armor Level 1  
  120  7:36  Hatchery  
  118  7:38  Baneling x5  
  112  7:50  Zergling x26  
  118  8:00  Mutalisk  
  118  8:01  Mutalisk x2  
  124  8:07  Drone  
  124  8:10  Overlord x2  
  125  8:18  Mutalisk x2  
  129  8:20  Overlord  
  129  8:22  Overlord  
  129  8:23  Hatchery  
  129  8:25  Overlord  
  128  8:30  Mutalisk x2  
  128  8:31  Mutalisk  
  135  8:34  Zergling x8  
  135  8:36  Overlord  
  135  8:38  Baneling x4  
  138  8:42  Overlord x3  
  138  8:43  Overlord  
  138  8:55  Zergling x2  
  138  8:56  Zergling x18  
  138  9:00  Baneling x8  
  148  9:12  Zergling x16  
  156  9:29  Zergling x12  
  156  9:30  Zergling x4  
  164  9:37  Zerg Melee Weapons Level 2, Zerg Ground Armor Level 2  
  163  9:43  Hatchery  
  162  9:48  Baneling x9  
  162  9:49  Baneling x5  
  162  9:54  Overseer  
  162  10:04  Zergling x6  
  162  10:05  Zergling x20  
  167  10:11  Overlord  
  151  10:18  Overseer  
  151  10:20  Zergling x4  
  151  10:21  Zergling x26  
  164  10:24  Drone x2  
  164  10:27  Zerg Flyer Weapons Level 2  
  155  10:43  Mutalisk x4  
  155  10:44  Mutalisk  
  155  10:45  Overseer  
  164  10:53  Drone x12  
  164  10:55  Extractor  
  164  10:56  Extractor  
  174  11:01  Infestation Pit  
  173  11:06  Baneling x2  
  173  11:07  Baneling x12  
  173  11:08  Zergling x10  
  178  11:15  Baneling x10  
  164  11:27  Baneling x6  
  164  11:32  Zergling x30  
  178  11:36  Overlord  
  172  11:44  Zergling x18  
  172  11:45  Zergling x6  
  174  11:55  Overseer  
  174  11:56  Overseer  
  155  12:06  Zergling x26  
  142  12:09  Baneling  
  142  12:10  Baneling x4  
  142  12:11  Baneling  
  142  12:20  Drone x3  
  140  12:23  Drone  
  140  12:28  Mutalisk x4  
  149  12:36  Zergling x12  
  150  12:48  Hatchery  
  150  12:51  Mutalisk x4  
  135  12:53  Mutalisk  
  135  12:58  Mutalisk x2  
  143  13:01  Overseer  
  143  13:03  Baneling  
  143  13:04  Baneling x5  
  147  13:06  Zergling x2  
  147  13:07  Zergling x10  
Tags
 
Add a new tag
Caveats
  • Supply blocks, unpowered buildings, or Contaminate may cause inaccurate times.
  • Supply counts are checked every 10 seconds.